 Dungeon Crawl Stone Soup version 0.21.1-1-g345015fe64 (webtiles) character file.

471 HessuHobo the Ruffian (level 6, -2/48 HPs)
             Began as a Demonspawn Berserker on May 23, 2018.
             Was a Priest of Trog.
             Slain by an iguana (3 damage)
             ... on level 4 of the Dungeon.
             The game lasted 00:14:47 (3292 turns).

HessuHobo the Ruffian (Demonspawn Berserker)        Turns: 3292, Time: 00:14:50

Health: -2/48      AC:  4    Str: 19    XL:     6   Next: 83%
Magic:  0/6        EV: 17    Int: 14    God:    Trog [***...]
Gold:   131        SH:  0    Dex: 17    Spells: 5/5 levels left

rFire    . . .     SeeInvis .     - Unarmed
rCold    . . .     Gourm    .   (no shield)
rNeg     . . .     Faith    .   d - +1 leather armour
rPois    .         Spirit   +   (helmet restricted)
rElec    .         Reflect  .   (no cloak)
rCorr    .         Harm     .   (no gloves)
MR       .....                  (no boots)
Stlth    +++.......             (no amulet)
HPRegen  0.16/turn              e - +5 ring of intelligence
MPRegen  0.20/turn              (no ring)

@: agile, about to teleport, berserk cooldown, slowed, very slow
A: horns 1, nightstalker 1, magic shield, magic regeneration
a: Berserk, Trog's Hand, Burn Spellbooks, Renounce Religion


You were on level 4 of the Dungeon.
You worshipped Trog.
Trog was most pleased with you.
You were near starving.

You visited 1 branch of the dungeon, and saw 4 of its levels.

You collected 131 gold pieces.

Inventory:

Missiles
 c - 74 stones (quivered)
Armour
 a - a +0 animal skin
 d - a +1 leather armour (worn)
Jewellery
 e - a +5 ring of intelligence (left hand)
 h - an uncursed ring of protection from magic {unknown}
Wands
 l - a wand of enslavement (10)
Scrolls
 f - 2 scrolls of remove curse
 i - a scroll of immolation {unknown}
 k - a scroll of identify
Potions
 j - a potion of agility
Books
 m - a book of Misfortune

   Spells                             Type                      Level
   a - Confusing Touch                Hexes                        1
   b - Confuse                        Hexes                        3
   c - Gell's Gravitas                Translocation                3
   d - Petrify                        Transmutation/Earth          4
   e - Metabolic Englaciation         Hexes/Ice                    5
   f - Yara's Violent Unravelling     Hexes/Transmutation          5
   Trog disapproves of the use of such an item.
Comestibles
 b - 3 rations


   Skills:
 + Level 3.7 Fighting
 * Level 3.1 Armour
 - Level 2.0 Dodging
 - Level 0.2 Stealth
 * Level 6.1 Unarmed Combat


You had 5 spell levels left.
You didn't know any spells.

Dungeon Overview and Level Annotations

Branches:
Dungeon (4/15)
 Temple: D:4-7

Altars:
Dithmenos
Fedhas
Gozag
Hepliaklqana
Nemelex Xobeh
Okawaru
Yredelemnul


Innate Abilities, Weirdness & Mutations

You have a pair of small horns on your head.
You are slightly more attuned to the shadows.
When hurt, damage is shared between your health and your magic reserves.
You regenerate magic rapidly.


Message History

You see here a spear.
The gnoll hits you with a whip.
* * * LOW HITPOINT WARNING * * *
The gnoll shaman calls upon its god to heal the gnoll.
The gnoll is healed somewhat.
Things that are here:
a leather armour; a gnoll corpse; an orc corpse
Okay, then.
It was a potion of agility.
You feel agile all of a sudden. The gnoll barely misses you.
The iguana bites you but does no damage.
The gnoll hits you but does no damage. The iguana completely misses you.
As you read the scroll labeled VIAKHL UGAREDOE, it crumbles to dust.
You feel strangely unstable.
It was a scroll of teleportation.
You are near starving!
The gnoll hits you with a whip!
* * * LOW HITPOINT WARNING * * *
The gnoll hits you but does no damage. The iguana bites you.
You die...

####.#.....# ...........#
....#......# ####... .#
....#......# ###.....###..
....#......# ............
#####......# #..........
..........># #..........
.####......######l.........
..###...........@gg........
...#...#...#####...........
.....####..## ##.......[...
.....#####..###..........##
........##...............#
#..#............#........#
#....###.#......####...###
....## #.......## #...#
.....###.....#### #.#.#


You could see a gnoll shaman, an iguana and a gnoll.

Vanquished Creatures
  The ghost of kaisn the Covered, an amateur GrFi (D:3)
  A scorpion (D:4)
  A water moccasin skeleton (D:4)
  A hound (D:4)
  An orc wizard (D:3)
  Natasha (twice) (D:2)
  6 adders
  5 gnolls
  An adder zombie (D:3)
  A dart slug (D:1)
  A leopard gecko (D:1)
  8 orcs
  6 bats
  3 giant cockroaches
  10 goblins
  12 hobgoblins
  3 jackals (D:2)
  8 kobolds
  3 ball pythons
  4 frilled lizards
  4 rats
82 creatures vanquished.

Notes
Turn   | Place    | Note
-------+----------+-------------------------------------------
     0 | D:1      | HessuHobo the Demonspawn Berserker began the quest for the Orb.
     0 | D:1      | Reached XP level 1. HP: 18/18 MP: 1/1
   121 | D:1      | Gained mutation: When hurt, damage is shared between your health and your magic reserves. [demonic ancestry]
   121 | D:1      | Reached XP level 2. HP: 20/24 MP: 2/2
   165 | D:1      | Reached skill level 3 in Unarmed Combat
   388 | D:1      | Reached XP level 3. HP: 13/29 MP: 3/3
   833 | D:1      | Reached ** piety under Trog
  1224 | D:2      | Noticed Natasha
  1230 | D:2      | Killed Natasha
  1230 | D:2      | Gained mutation: You regenerate magic rapidly. [demonic ancestry]
  1230 | D:2      | Reached XP level 4. HP: 24/35 MP: 1/4
  1637 | D:2      | Reached skill level 4 in Unarmed Combat
  1691 | D:2      | Found a shadowy altar of Dithmenos.
  1724 | D:2      | Noticed Natasha
  1740 | D:2      | Killed Natasha
  2008 | D:2      | You fall through a shaft!
  2190 | D:3      | Noticed kaisn's ghost (amateur GrFi)
  2205 | D:3      | Killed kaisn's ghost
  2205 | D:3      | Gained mutation: You are slightly more attuned to the shadows. [demonic ancestry]
  2205 | D:3      | Reached XP level 5. HP: 34/41 MP: 3/5
  2434 | D:3      | Reached skill level 5 in Unarmed Combat
  2549 | D:3      | Found an iron altar of Okawaru.
  2800 | D:3      | Gained mutation: You have a pair of small horns on your head. [demonic ancestry]
  2800 | D:3      | Reached XP level 6. HP: 46/48 MP: 6/6
  3057 | D:4      | Found a basalt altar of Yredelemnul.
  3058 | D:4      | Found a sparkling altar of Nemelex Xobeh.
  3059 | D:4      | Found a hazy altar of Hepliaklqana.
  3059 | D:4      | Found an opulent altar of Gozag.
  3067 | D:4      | Reached *** piety under Trog
  3156 | D:4      | Found a blossoming altar of Fedhas.
  3269 | D:4      | Reached skill level 6 in Unarmed Combat
  3292 | D:4      | HP: 1/48 [gnoll/whip (8)]
  3292 | D:4      | Slain by an iguana

Skill      XL: |  1  2  3  4  5  6 |
---------------+-------------------+-----
Unarmed Combat | 3 4 5 6 |  6.1
Dodging        | 2 |  2.0
Armour         | 2 3 |  3.1
Fighting       | |  3.7
Stealth        | |  0.2

Action                   |  1- 3 |  4- 6 || total
-------------------------+-------+-------++-------
Melee: Unarmed           |   109 |   183 ||   292
       Punch             |     1 |     7 ||     8
       Headbutt          |       |     6 ||     6
Throw: Stone             |     7 |     3 ||    10
Invok: Berserk           |     4 |     5 ||     9
  Use: Scroll            |     4 |     3 ||     7
       Potion            |     1 |     2 ||     3
 Stab: Distracted        |     1 |       ||     1
       Sleeping          |       |     2 ||     2
  Eat: Ration            |     1 |     3 ||     4
       Chunk             |     1 |       ||     1
Armor: Animal skin       |     1 |       ||     1
       Leather armour    |    25 |    51 ||    76
Dodge: Dodged            |    63 |   113 ||   176
